AoeStats
← leyleyshow

Arabia

510619523Analyzed
2v2 RM · 19h ago on Oct 1, 2026· 36m 45s· 4 players
Game mode
Random Map
Map size
Medium (4 player)
Population
200
Speed
Normal
Resources
Standard
Victory
Conquest
Starting age
Dark Age
Ending age
Imperial Age
RankedLock teamsTeams togetherTeam positionsShared explorationLock speedFull tech treeHidden civsTurbo modeCheats
Victory
Defeat
🇧🇷 Teutons · Brazil
980
+16
🇧🇷 Magyars · Brazil
974
+17
🇹🇷 Goths · Türkiye
1010
-17
🇨🇱 Ethiopians · Chile
975
-16
Gwyn
6:58 Loom
9:27 Feudal Age
9:56 Double-Bit Axe
18:32 Fletching
21:47 Castle Age
20:43 Padded Archer Armor
22:20 Gold Mining
22:23 Horse Collar
22:06 Crossbowman
22:50 Bodkin Arrow
24:28 Bow Saw
25:25 Town Watch
26:42 Ballistics
29:08 Gold Shaft Mining
28:27 Stone Mining
direwolf6431
0:38 Loom
10:31 Feudal Age
13:54 Bloodlines
15:20 Horse Collar
20:27 Double-Bit Axe
25:32 Castle Age
26:15 Squires
26:14 Crossbowman
26:27 Pikeman
29:23 Anarchy
31:59 Man-at-Arms
33:00 Forging
32:52 Scale Mail Armor
32:52 Long Swordsman
36:09 Husbandry
FIFI
0:59 Loom
11:59 Feudal Age
13:59 Double-Bit Axe
14:02 Horse Collar
16:10 Man-at-Arms
16:35 Arson
18:37 Forging
18:28 Scale Mail Armor
21:24 Castle Age
21:32 Long Swordsman
21:58 Gambesons
22:13 Squires
23:33 Chain Mail Armor
24:24 Iron Casting
29:19 Heavy Plow
30:13 Wheelbarrow
37:29 Imperial Age
leyleyshow
7:39 Loom
10:08 Feudal Age
10:34 Double-Bit Axe
10:41 Horse Collar
18:16 Scale Barding Armor
18:53 Wheelbarrow
20:29 Fletching
22:58 Castle Age
24:28 Bow Saw
24:21 Heavy Plow
24:33 Gold Mining
30:48 Chain Barding Armor
31:28 Husbandry
34:49 Bodkin Arrow
38:43 Imperial Age
37:29 Bloodlines
Connection lost

Rejoining the realm…

Still unreachable

The connection could not be restored.

Session expired

The server has moved on; the page needs a fresh start.